 Dungeon Crawl Stone Soup version 0.18-a0-1043-g4533410 (webtiles) character file.

364 sugabear the Insei (level 6, -7/48 HPs)
             Began as a Draconian Transmuter on Jan 10, 2016.
             Shot with an arrow by a centaur (12 damage)
             ... on level 5 of the Dungeon.
             The game lasted 00:06:50 (4092 turns).

sugabear the Insei (Draconian Transmuter)           Turns: 4092, Time: 00:06:50

Health: -7/48      AC:  2    Str: 12    XL:     6   Next: 39%
Magic:  9/11       EV: 21    Int: 15    God:
Gold:   181        SH:  0    Dex: 17    Spells: 2 memorised, 8 levels left

rFire  . . .     SeeInvis .       - Unarmed
rCold  . . .     Gourm    .     (armour unavailable)
rNeg   . . .     Faith    .     (shield currently unavailable)
rPois  x         Spirit   .     (helmet currently unavailable)
rElec  .         Dismiss  .     (cloak currently unavailable)
rCorr  .         Reflect  .     (gloves currently unavailable)
SustAt .         Harm     .     (boots currently unavailable)
MR     .....                    (no amulet)
Stlth  ++........               (no ring)
                                (no ring)

@: spider-form (expiring), not resistant to hostile enchantments, unstealthy
A: unfitting armour, (cold-blooded), AC +6
a: End Transformation


You were on level 5 of the Dungeon.
You were hungry.
You were a venomous arachnid creature.
You visited 1 branch of the dungeon, and saw 5 of its levels.

You collected 181 gold pieces.

Inventory:

Missiles
 a - 34 arrows
Armour
 g - a +1 pair of gloves (melded)
 k - a +0 pair of boots (melded)
Jewellery
 o - an uncursed amulet of magic regeneration {unknown}
Scrolls
 d - 8 scrolls of identify {unknown}
 e - 9 scrolls of remove curse {unknown}
 l - 2 scrolls of enchant weapon {unknown}
 m - 2 scrolls of magic mapping {unknown}
 s - a scroll of immolation {unknown}
 t - a scroll of fear {unknown}
 u - a scroll of noise {unknown}
 x - a scroll of random uselessness {unknown}
Potions
 f - 3 potions of curing {unknown}
 h - a potion of lignification {unknown}
 i - a potion of brilliance {unknown}
 n - a potion of heal wounds {unknown}
 p - a potion of beneficial mutation {unknown}
 q - a potion of degeneration {unknown}
 w - a potion of poison {unknown}
Books
 b - a book of Changes

   Spells                             Type                      Level
   a - Beastly Appendage              Transmutation                1
   b - Sticks to Snakes               Transmutation                2
   c - Spider Form                    Transmutation/Poison         3
   d - Ice Form                       Ice/Transmutation            4
   e - Blade Hands                    Transmutation                5
Comestibles
 c - 5 bread rations
 j - 2 chunks of flesh
 v - 2 meat rations


   Skills:
 + Level 2.2 Fighting
 + Level 3.6 Dodging
 + Level 0.4 Stealth
 + Level 4.1 Unarmed Combat
 + Level 3.5 Spellcasting
 + Level 3.2 Transmutations


You had 8 spell levels left.
You knew the following spells:

 Your Spells              Type           Power        Failure   Level  Hunger
a - Beastly Appendage     Trmt           ##....       17%         1    None
b - Spider Form           Trmt/Pois      #.........   52%         3    ###....


Dungeon Overview and Level Annotations

Branches:
Dungeon (5/15)
 Temple: D:4-7

Altars:
Ru

Shops:
D:4 :

Annotations:
D:3 sugabear's ghost, amateur DrTm


Innate Abilities, Weirdness & Mutations

((Your plain brown scales are hard (AC +6).))
Your body does not fit into most forms of armour.
((You are cold-blooded and may be slowed by cold attacks.))


Message History

The jackal bites you.
The centaur shoots an arrow.
The arrow hits you!
The jackal pauses to sniff the ground.
You barely miss the jackal.
The jackal is almost dead.
The jackal completely misses you. x2
You hit the jackal.
You kill the jackal!
Your transformation is almost over.
The centaur shoots an arrow.
The arrow closely misses you. The jackal misses you.
You hit the jackal.
The jackal is poisoned.
The jackal is severely wounded.
You kill the jackal!
The centaur shoots an arrow.
The arrow hits you!!
You hit the jackal.
You kill the jackal!
The centaur shoots an arrow.
The arrow hits you!
* * * LOW HITPOINT WARNING * * *
The centaur shoots an arrow.
The arrow hits you!
You die...

#.. .. #.#####.#.### #(.
..... ..# #.####.####..
###.##.....##.# .
%..#.......#.#
....###.#.......#.# ####
#.....†s...._.....###...
#...###.#.......#.##...#
# #c#.......#.##...#
..##.....##.......
##.####.####....... #..
..............
#.#####.#...##...# ...
..........# ####.###....


You could see a centaur.

Vanquished Creatures
  A sky beast (D:5)
  A hound (D:4)
  An orc priest (D:4)
  2 orc wizards
  9 adders
  An ooze (D:2)
  An adder skeleton (D:4)
  3 worms (D:2)
  4 giant geckos
  3 orcs
  A ball python (D:5)
  2 bats
  3 giant cockroaches
  6 goblins
  5 hobgoblins
  3 jackals (D:5)
  A quokka (D:2)
  8 giant newts
  5 kobolds
  7 rats
67 creatures vanquished.

Notes
Turn   | Place    | Note
--------------------------------------------------------------
     0 | D:1      | sugabear the Draconian Transmuter began the quest for the Orb.
     0 | D:1      | Reached XP level 1. HP: 16/16 MP: 3/3
   463 | D:1      | Reached XP level 2. HP: 23/23 MP: 3/5
  1130 | D:2      | Reached XP level 3. HP: 24/28 MP: 6/6
  1891 | D:2      | Reached XP level 4. HP: 27/35 MP: 7/7
  2618 | D:3      | Noticed sugabear's ghost (amateur DrTm)
  2920 | D:3      | Reached XP level 5. HP: 15/41 MP: 9/9
  2930 | D:3      | Learned a level 3 spell: Spider Form
  3118 | D:4      | Found Jirodot's Book Boutique.
  3265 | D:4      | Reached skill level 4 in Unarmed Combat
  3810 | D:5      | Entered Level 5 of the Dungeon
  3830 | D:4      | Reached XP level 6. HP: 44/48 MP: 6/10
  3979 | D:5      | Found a sacrificial altar of Ru.
  3980 | D:5      | Noticed a sky beast
  3998 | D:5      | Killed a sky beast
  4092 | D:5      | Shot with an arrow by a centaur

Vault maps used:
D:1:      dpeg_arrival_rooms_with_view
D:2:      st_stairs_5
D:4:      serial_shops, shop, first_bread
D:5:      old_standard_altar, nicolae_tso_besieged_by_evil,
          hangedman_decor_riveting, nrook_mini_vaults, minmay_misc_feat_iff

Action                   |  1- 3 |  4- 6 || total
-------------------------+-------+-------++-------
Melee: Unarmed           |   139 |   180 ||   319
 Cast: Beastly Appendage |    18 |    37 ||    55
       Spider Form       |       |     3 ||     3
 Stab: Sleeping          |       |     1 ||     1
  Eat: Chunk             |     3 |     5 ||     8
       Beef jerky        |       |     2 ||     2
